 Dungeon Crawl Stone Soup version 0.30.0-2-g1aa4bd4387 (webtiles) character file.

Game seed: 16712185780067230070

76 Foic the Sneak (level 4, -3/30 HPs)
             Began as a Vampire Enchanter on May 7, 2023.
             Slain by an orc priest
             ... wielding a +0 war axe
              (8 damage)
             ... on level 3 of the Dungeon.
             The game lasted 00:38:11 (2322 turns).

Foic the Sneak (Vampire Enchanter)                  Turns: 2322, Time: 00:38:11

Health: -3/30      AC:  5    Str:  7    XL:     4   Next: 12%
Magic:  16/16      EV: 13    Int: 17    God:
Gold:   202        SH:  0    Dex: 16    Spells: 4/7 levels left

rFire   . . .        j - +3 dagger
rCold   . . .        (no shield)
rNeg    . . .        b - +0 robe
rPois   .            (no helmet)
rElec   .            x - +0 cloak
rCorr   .            q - +0 pair of gloves
SInv    +            u - +0 pair of boots
Will    .....        t - amulet of magic regeneration
Stlth   +++          y - ring of magical power
HPRegen 0.45/turn    (no ring)
MPRegen 0.55/turn

%: no passive effects
@: healing quickly
A: alive, fangs 3, see invisible, vampiric 2
a: Exsanguinate


You were on level 3 of the Dungeon.
You visited 1 branch of the dungeon, and saw 3 of its levels.

You collected 202 gold pieces.

Inventory:

Hand Weapons
 a - a +1 dagger
 e - a +0 short sword
 j - a +3 dagger (weapon)
 p - a +1 dagger of pain
 s - a +0 dagger of venom
 B - a +0 sling
Missiles
 l - 17 stones (quivered)
Armour
 b - a +0 robe (worn)
 m - a +0 leather armour
 q - a +0 pair of gloves (worn)
 u - a +0 pair of boots (worn)
 x - a +0 cloak (worn)
Magical Staves
 f - a staff of earth
 h - a staff of death
 w - a staff of air
Jewellery
 t - an amulet of magic regeneration (around neck)
 y - a ring of magical power (left hand)
Wands
 v - a wand of roots (10)
Scrolls
 i - 3 scrolls of identify {unknown}
 k - a scroll of silence {unknown}
 o - 3 scrolls of teleportation {unknown}
 A - a scroll of enchant armour {unknown}
Potions
 c - 2 potions of invisibility
 d - a potion of might {unknown}
 g - a potion of berserk rage {unknown}
 n - a potion of magic {unknown}
 r - 2 potions of curing {unknown}
 z - a potion of flight {unknown}
 C - a potion of mutation {unknown}
 D - 2 potions of heal wounds {unknown}


   Skills:
 + Level 2.0 Short Blades
 + Level 2.8 Dodging
 * Level 5.7 Stealth
 + Level 2.4 Spellcasting
 + Level 5.0 Hexes


You had 4 spell levels left.
You knew the following spells:

 Your Spells              Type           Power      Damage    Failure   Level
a - Confusing Touch       Hex            19%        N/A       7%          3

Your spell library contained the following spells:

 Spells                   Type           Power      Damage    Failure   Level
 Tukima's Dance           Hex            19%        N/A       7%          3
 Ensorcelled Hibernation  Hex/Ice        20%        N/A       10%         2
 Beastly Appendage        Tmut           4%         N/A       19%         1
 Dazzling Flash           Conj/Hex       20%        N/A       21%         3
 Passwall                 Tmut/Erth      1%         N/A       28%         2
 Wereblood                Tmut           2%         N/A       28%         2
 Spider Form              Tmut/Pois      2%         N/A       50%         3
 Stone Arrow              Conj/Erth      4%         3d7       50%         3
 Swiftness                Air            2%         N/A       50%         3
 Animate Armour           Summ/Erth      4%         N/A       88%         4
 Lehudib's Crystal Spear  Conj/Erth      1%         10d2      100%        8


Dungeon Overview and Level Annotations

Branches:
Dungeon (3/15)

Altars:

Shops:
D:1 [

Annotations:
D:3 1 runed translucent door, Kenran's ghost, amateur MiMo


Innate Abilities, Weirdness & Mutations

Your natural rate of healing is accelerated.
You have razor-sharp teeth.
You have supernaturally acute eyesight. (SInv)
You are afflicted with vampirism and can become a bat while bloodless.


Message History

You now have 202 gold pieces (gained 13).
Things that are here:
a +0 sling; a +0 leather armour You hear the quick rusting of a very distant drain.
The howler monkey howls!
An orc comes into view. It is wielding a +0 short sword.
An orc comes into view. It is wielding a +0 flail.
The orc shouts!
An orc priest comes into view. It is wielding a +0 war axe.
You closely miss the orc. You hit the orc. Your bite misses the orc.
The orc is severely wounded.
You hit the orc.
You kill the orc!
Your Short Blades skill increases to level 2!
You puncture the orc!
You kill the orc!
Casting: Confusing Touch (quite dangerous; 7% risk of failure)
Confirm with . or Enter, or press ? or * to list all spells.
The spell is quite dangerous to miscast (7% risk of failure)!
Continue anyway?
Your hands begin to glow red.
The orc priest hits you with a +0 war axe.
Items here: )) [ †.
You hit the orc priest but do no damage.
The orc priest hits you with a +0 war axe!
You hit the orc priest but do no damage.
The orc priest appears confused.
You bite the orc priest.
The orc priest is moderately wounded.
The orc priest closely misses you.
You hit the orc priest.
The orc priest is moderately wounded.
The orc priest hits you with a +0 war axe!
You barely miss the orc priest.
The orc priest is moderately wounded.
The orc priest hits you with a +0 war axe!
* * * LOW HITPOINT WARNING * * *
You hit the orc priest.
The orc priest is heavily wounded.
The orc priest hits you with a +0 war axe!
You die...

#.... #.### #.# #
######.# #....#.###
#.##.#.##. #.##.#.##.
##############....#.##.
#....)@o.....#..)......
#.##########.#....####.
#.# #..#.# #. #.#
###### #..#.# #. #.#
##..#§§ ##..#.. .. #.#
#...+W§ #...####### #.#
#...#h§ #...# #
#.###...#####..## #
#.#.............# ###


You could see an orc priest (confused).

Vanquished Creatures
  An adder (D:2)
  A worm (D:2)
  A dart slug (D:1)
  6 orcs (D:3)
  3 ball pythons (D:1)
  5 endoplasms
  2 giant cockroaches
  3 goblins (D:1)
  6 hobgoblins
  4 jackals (D:1)
  6 kobolds
  2 quokkas
  4 bats
  4 frilled lizards
  2 rats
50 creatures vanquished.

Notes
Turn   | Place    | Note
-------+----------+-------------------------------------------
     0 | D:1      | Foic the Vampire Enchanter began the quest for the Orb.
     0 | D:1      | Reached XP level 1. HP: 13/13 MP: 3/3
   156 | D:1      | Reached XP level 2. HP: 19/19 MP: 5/5
   516 | D:1      | Reached skill level 5 in Stealth
   628 | D:1      | Gained mutation: You are afflicted with vampirism and can
                  | become a bat while bloodless. [Vampire growth]
   628 | D:1      | Reached XP level 3. HP: 24/24 MP: 6/6
   692 | D:1      | Learned a level 3 spell: Confusing Touch
   694 | D:1      | Found Beutzo's Armour Shoppe.
  1525 | D:2      | Reached skill level 5 in Hexes
  1857 | D:3      | Found a runed translucent door.
  1925 | D:3      | Noticed Kenran's ghost (amateur MiMo)
  2174 | D:3      | Reached XP level 4. HP: 23/30 MP: 7/7
  2322 | D:3      | Slain by an orc priest

Illustrated notes

Levels and vault maps discovered:
D:1:      dpeg_arrival_simpleton_b, layout_loops_corners, serial_shops, shop,
          minmay_misc_feat_nine_boxes, minmay_misc_feat_five
D:2:      layout_loops_ring, minmay_tripent
D:3:      layout_loops_ring, cheibrodos_sewer_entry_bend,
          ebering_ghost_inner_flame

Skill      XL: |  1  2  3  4 |
---------------+-------------+-----
Stealth        | 5 |  5.7
Hexes          | 5 |  5.0
Short Blades   | 2 |  2.0
Dodging        | |  2.8
Spellcasting   | |  2.4

Action                     |  1- 3 |  4- 6 || total
---------------------------+-------+-------++-------
  Melee: Dagger            |    95 |    16 ||   111
         Short sword       |     4 |       ||     4
         Bite              |     8 |     2 ||    10
   Cast: Confusing Touch   |     1 |     1 ||     2
   Stab: Sleeping          |    20 |       ||    20
         Confused          |     1 |       ||     1
 Armour: Robe              |    18 |     5 ||    23
  Dodge: Dodged            |    47 |     2 ||    49
